 Dungeon Crawl Stone Soup version 0.18-a0-1782-gb76a692 (webtiles) character file.

186 4thArraOfDagon the Sneak (level 5, -6/25 HPs)
             Began as a Spriggan Hunter on Apr 17, 2016.
             Mangled by a phantom (7 damage)
             ... on level 4 of the Dungeon.
             The game lasted 00:06:19 (1051 turns).

4thArraOfDagon the Sneak (Spriggan Hunter)          Turns: 1051, Time: 00:06:20

Health: -6/25      AC:  2    Str:  8    XL:     5   Next: 38%
Magic:  6/6        EV: 18    Int: 13    God:
Gold:   116        SH:  0    Dex: 17    Spells: 0 memorised, 4 levels left

rFire  + . .     SeeInvis +     l - +1 rapier
rCold  . . .     Gourm    .     c - +0 robe
rNeg   . . .     Faith    .     (shield restricted)
rPois  .         Spirit   .     (helmet restricted)
rElec  .         Dismiss  .     (no cloak)
rCorr  .         Reflect  .     (gloves unavailable)
SustAt .         Harm     .     (boots unavailable)
MR     .....     Rnd*Tele +     (no amulet)
Stlth  ++++......               m - ring of teleportation (curse)
                                h - ring of protection from fire

@: very quick, not resistant to hostile enchantments, stealthy
A: unfitting armour, see invisible, herbivore 3, speed 3, slow metabolism 2
a: no special abilities


You were on level 4 of the Dungeon.
You were not hungry.

You visited 1 branch of the dungeon, and saw 5 of its levels.

You collected 116 gold pieces.

Inventory:

Hand Weapons
 a - a +1 hunting sling
 b - a +0 short sword
 l - a +1 rapier (weapon)
Missiles
 d - 8 sling bullets
 e - 70 stones (quivered)
Armour
 c - a +0 robe (worn)
Jewellery
 h - a ring of protection from fire (left hand)
 k - an uncursed ring of resist corrosion
 m - a cursed ring of teleportation (right hand)
Scrolls
 g - a scroll of enchant weapon
 i - a scroll of noise {unknown}
 j - a scroll of fog {unknown}
 n - a scroll of identify {unknown}
 q - a scroll of recharging {unknown}
Potions
 p - a potion of haste {unknown}
Comestibles
 f - 2 bread rations
 o - a slice of pizza


   Skills:
 - Level 1.5 Fighting
 + Level 2.9 Short Blades
 - Level 5.0 Slings
 - Level 3.0 Dodging
 * Level 6.8 Stealth


You had 4 spell levels left.
You didn't know any spells.

Dungeon Overview and Level Annotations

Branches:
Dungeon (5/15)
 Temple: D:4-7

Altars:


Innate Abilities, Weirdness & Mutations

You are tiny and cannot use many weapons and most armour.
You have supernaturally acute eyesight.
You are a herbivore.
You cover ground extremely quickly.
You need consume almost no food.


Message History

Unknown command.
Read which item? (? for menu, Esc to quit)
As you read the scroll labeled CAOTHYWNEJOEF, it crumbles to dust.
It is a scroll of enchant weapon.
Enchant which weapon? (? for menu, Esc to quit)
Your rapier glows red for a moment.
Wield which item (- for none, * to show all)? (? for menu, Esc to quit)
l - a +1 rapier (weapon)
A phantom comes into view.
The helpless phantom fails to defend itself.
You impale the phantom!!
The phantom is severely damaged.
The phantom hits you!
* * * LOW HITPOINT WARNING * * *
Unknown command.
The phantom blinks!
You hit the phantom.
The phantom is almost destroyed.
The phantom hits you!
You die...

......# .
#......#
......###..
#...#..#
...........
#...#..#
....######..
#...##>#
............
#...####
...........#
#.###
#.#........#
#.#
#.########.#
#W# #.# #
#@# #.# #.#
#.# #.# #.#
#ยง# #.# #.#
#.#


You could see a phantom.

Vanquished Creatures
  An ogre (D:4)
  6 gnolls (D:2)
  An adder (D:2)
  2 worms
  A dart slug (D:1)
  2 giant geckos (D:2)
  An orc (D:3)
  5 bats
  A giant cockroach (D:2)
  5 goblins
  2 hobgoblins
  3 giant newts (D:2)
  6 kobolds
  4 rats
40 creatures vanquished.

Notes
Turn   | Place    | Note
--------------------------------------------------------------
     0 | D:1      | 4thArraOfDagon the Spriggan Hunter began the quest for the Orb.
     0 | D:1      | Reached XP level 1. HP: 10/10 MP: 2/2
    39 | D:2      | Reached skill level 5 in Slings
    61 | D:2      | Reached skill level 2 in Stealth
    61 | D:2      | Reached XP level 2. HP: 11/14 MP: 3/3
    90 | D:2      | Reached skill level 1 in Short Blades
    90 | D:2      | Reached skill level 3 in Stealth
    95 | D:2      | Reached XP level 3. HP: 16/18 MP: 4/4
   100 | D:2      | Reached skill level 4 in Stealth
   206 | D:2      | Reached skill level 5 in Stealth
   228 | D:2      | Reached XP level 4. HP: 11/22 MP: 5/5
   801 | D:4      | Noticed an ogre
   805 | D:4      | Killed an ogre
   805 | D:4      | Reached skill level 6 in Stealth
   805 | D:4      | Reached XP level 5. HP: 17/25 MP: 6/6
   833 | D:4      | REFUSING OF STAIRDANCING
   852 | D:4      | yeah...
   887 | D:4      | HP: 1/25 [poisoned by an adder]
   964 | D:5      | Entered Level 5 of the Dungeon
   968 | D:5      | Noticed an ogre
   969 | D:5      | and refusing to heal aftrer every battle
  1037 | D:4      | Noticed a phantom
  1044 | D:4      | HP: 1/25 [phantom (8)]
  1051 | D:4      | Mangled by a phantom

Vault maps used:
D:1:      dpeg_arrival_pits
D:3:      serial_co_window_serial, co_window_paths_a, co_window_paths_a,
          co_window_corner_a, co_window_of_opportunity_a, co_window_corner_a,
          co_window_corner_a, co_window_of_opportunity_a, co_window_broadway_a,
          co_window_corner_b, co_window_2corner, co_window_broadway_a,
          co_window_cross_2, co_window_4corner_b, glass_columns_a,
          glass_columns_a, glass_columns_a, glass_columns_c, st_stairs_6
D:4:      uniq_pikel
D:5:      old_standard_altar, first_bread, moated_statue

Skill      XL: |  1  2  3  4 |
---------------+-------------+-----
Slings         | 5 |  5.0
Stealth        | 2 3 5 6 |  6.8
Short Blades   | 1 2 |  2.9
Fighting       | |  1.5
Dodging        | |  3.0

Action                   |  1- 3 |  4- 6 || total
-------------------------+-------+-------++-------
Melee: Short sword       |       |    62 ||    62
       Rapier            |       |     2 ||     2
 Fire: Hunting sling     |    59 |    37 ||    96
  Use: Scroll            |       |     1 ||     1
       Potion            |       |     1 ||     1
 Stab: Sleeping          |       |     9 ||     9
Armor: Robe              |     1 |     3 ||     4
Dodge: Dodged            |     5 |    53 ||    58
